 Dungeon Crawl Stone Soup version 0.15.2 (webtiles) character file.

44 Nyarlathotep the Magician (level 3, 0/19 HPs)
             Began as a Deep Elf Wizard on Feb 19, 2015.
             Succumbed to poison (a potion of poison)
             ... on Level 2 of the Dungeon.
             The game lasted 00:04:08 (1182 turns).

Nyarlathotep the Magician (Deep Elf Wizard)         Turns: 1182, Time: 00:04:08

HP   0/19        AC  2     Str  9      XL: 3   Next: 41%
MP   6/14        EV 13     Int 28      God:
Gold 100         SH  0     Dex 13      Spells:  6 memorised,  1 level left

rFire  . . .     SeeInvis .     f - +0 dagger
rCold  . . .     Clarity  .     a - +0 robe
rNeg   . . .     rCorr    .     (no shield)
rPois  .         rRot     .     b - +0 hat
rElec  .         Spirit   .     (no cloak)
SustAb .         Warding  .     (no gloves)
rMut   .         Stasis   .     (no boots)
Gourm  .                        j - amulet of rage
MR     .....                    (no ring)
                                (no ring)

@: mighty, brilliant, lethally poisoned, very slightly contaminated, not
resistant to hostile enchantments, unstealthy
A: no striking features
a: Evoke Berserk Rage


You were on level 2 of the Dungeon.
You were hungry.

You visited 1 branch of the dungeon, and saw 2 of its levels.

You collected 100 gold pieces.

Inventory:

Hand weapons
 f - a +0 dagger (weapon)
Armour
 a - a +0 robe (worn)
 b - a +0 hat (worn)
Comestibles
 d - 2 bread rations
 k - a slice of pizza
Scrolls
 i - 2 scrolls of remove curse {unknown}
Jewellery
 j - an amulet of rage (around neck)
Potions
 e - a potion of porridge
Books
 c - a book of Minor Magic

   Spells                             Type                      Level
   *Magic Dart                        Conjuration                  1
   *Blink                             Translocation                2
   *Call Imp                          Summoning                    2
   *Repel Missiles                    Charms/Air                   2
   *Slow                              Hexes                        2
   *Conjure Flame                     Conjuration/Fire             3
   Mephitic Cloud                     Conjuration/Poison/Air       3


   Skills:
 + Level 0.1 Fighting
 + Level 2.6 Dodging
 + Level 2.8 Stealth
 + Level 5.7 Spellcasting
 + Level 1.4 Conjurations
 + Level 1.1 Summonings
 + Level 1.1 Translocations


You had one spell level left.
You knew the following spells:

 Your Spells              Type           Power        Failure   Level  Hunger
a - Magic Dart            Conj           ####         1%          1    None
b - Blink                 Tloc           N/A          1%          2    None
c - Call Imp              Summ           ####....     1%          2    None
d - Repel Missiles        Chrm/Air       ###...       1%          2    None
e - Slow                  Hex            ###.....     1%          2    None
f - Conjure Flame         Conj/Fire      ####....     1%          3    None


Dungeon Overview and Level Annotations

Branches:
Dungeon (2/15)

Altars:
Xom


Message History

* * * LOW HITPOINT WARNING * * *
You feel sick.
* * * LOW HITPOINT WARNING * * *
You feel sick.
* * * LOW HITPOINT WARNING * * *
You feel sick.
Drink which item? (? for menu, Esc to quit)
You feel very mighty all of a sudden.
It was a potion of might.
* * * LOW HITPOINT WARNING * * *
You feel sick.
Drink which item? (? for menu, Esc to quit)
You feel clever all of a sudden.
It was a potion of brilliance.
Drink which item? (? for menu, Esc to quit)
That liquid tasted very nasty...
You are more poisoned.
It was a potion of poison.
* * * LOW HITPOINT WARNING * * *
You feel sick.
You die...

#.#######<#.#
#....<..#%#.#
#.............
#.##..#.#.#.##
#.##...........
..##%.......#.
######........###
#.................
###@##).........#
#.##..........#
#.#...........#
..#...........#
###...........#
.........###%###....#
#########.≈...# ...
#._^≈#.♣ #≈≈≈...≈..


There were no monsters in sight!

Vanquished Creatures
  An adder (D:2)
  An ooze (D:1)
  7 goblins
  4 hobgoblins (D:1)
  2 quokkas (D:2)
  4 bats
  7 kobolds (D:1)
  8 rats
34 creatures vanquished.

Notes
Turn   | Place    | Note
--------------------------------------------------------------
     0 | D:1      | Nyarlathotep, the Deep Elf Wizard, began the quest for the Orb.
     0 | D:1      | Reached XP level 1. HP: 10/10 MP: 6/6
   367 | D:1      | Reached skill level 5 in Spellcasting
   405 | D:1      | Reached XP level 2. HP: 15/15 MP: 8/11
   634 | D:1      | Learned a level 2 spell: Blink
   637 | D:1      | Learned a level 2 spell: Call Imp
   640 | D:1      | Learned a level 2 spell: Repel Missiles
   643 | D:1      | Learned a level 2 spell: Slow
  1022 | D:2      | Reached XP level 3. HP: 17/19 MP: 5/14
  1129 | D:2      | Learned a level 3 spell: Conjure Flame
  1161 | D:2      | Found a shimmering altar of Xom.
  1162 | D:2      | Found a shimmering altar of Xom.
  1162 | D:2      | Found a shimmering altar of Xom.
  1182 | D:2      | Succumbed to poison (a potion of poison)

Action                   || total
-------------------------++-------
Melee: Dagger            ||     7
       Unarmed           ||     3
 Cast: Magic Dart        ||    81
  Use: Potion            ||     5
       Scroll            ||     1
